 Dungeon Crawl Stone Soup version 0.20-a0-9-g62d82d9 (webtiles) character file.

81 GlassEater the Poker (level 4, -2/37 HPs)
             Began as a Merfolk Fighter on Nov 1, 2016.
             Slain by a gnoll
             ... wielding a +0 whip
              (4 damage)
             ... on level 2 of the Dungeon.
             The game lasted 00:03:11 (1682 turns).

GlassEater the Poker (Merfolk Fighter)              Turns: 1682, Time: 00:03:12

Health: -2/37      AC:  3    Str: 16    XL:     4   Next: 40%
Magic:  4/4        EV: 10    Int:  7    God:
Gold:   123        SH:  9    Dex: 14    Spells: 0 memorised, 3 levels left

rFire  . . .     SeeInvis .     a - +0 trident
rCold  . . .     Gourm    .     u - +0 leather armour
rNeg   + . .     Faith    .     c - +0 shield
rPois  .         Spirit   .     (no helmet)
rElec  .         Reflect  .     (no cloak)
rCorr  .         Harm     .     (no gloves)
MR     .....                    (no boots)
Stlth  +.........               (no amulet)
                                (no ring)
                                n - ring of positive energy

@: no status effects
A: change form in water, swift swim, stealthy swim
a: no special abilities


You were on level 2 of the Dungeon.
You were hungry.

You visited 1 branch of the dungeon, and saw 2 of its levels.

You collected 123 gold pieces.

Inventory:

Hand Weapons
 a - a +0 trident (weapon)
Missiles
 h - 32 stones (quivered)
 l - 6 tomahawks
Armour
 c - a +0 shield (worn)
 u - a +0 leather armour (worn)
Jewellery
 n - a ring of positive energy (left hand)
Scrolls
 b - a scroll of amnesia {unknown}
 e - 2 scrolls of fear {unknown}
 j - a scroll of recharging {unknown}
 k - 2 scrolls of identify {unknown}
 o - a scroll of enchant weapon {unknown}
 q - a scroll of blinking {unknown}
Potions
 d - a potion of might
 g - a potion of mutation {unknown}
 i - a potion of lignification {unknown}
 r - a potion of heal wounds {unknown}
 s - a potion of degeneration {unknown}
Comestibles
 f - 2 bread rations
 m - a meat ration
 p - 3 fruits
 t - a chunk of flesh


   Skills:
 + Level 3.9 Fighting
 + Level 4.0 Polearms
 - Level 2.1 Armour
 + Level 2.7 Dodging
 + Level 3.5 Shields


You had 3 spell levels left.
You didn't know any spells.

Dungeon Overview and Level Annotations

Branches:
Dungeon (2/15)

Altars:


Message History

The gnoll hits you with a flail! The gnoll barely misses you.
You closely miss the gnoll.
The gnoll is severely wounded.
The gnoll hits you with a flail.
* * * LOW HITPOINT WARNING * * *
You puncture the gnoll!
You kill the gnoll!
Your Polearms skill increases to level 4!
You puncture the gnoll!
The gnoll is severely wounded.
The gnoll barely misses you.
You barely miss the gnoll.
The gnoll is severely wounded.
The gnoll hits you with a whip.
* * * LOW HITPOINT WARNING * * *
The gnoll misses you.
You hit the gnoll.
The gnoll is almost dead.
The gnoll hits you with a whip.
You die...

### ..# ## #.#
?.##.## .... ###
####g####
..##...r...#
#.#....##g# .
#.....##@#####...
##.#..##.#.......
#...............
#.......#.......
##.###.########...
#......# .
.>#####.# ### #.#
###### #.#


You could see a gnoll.

Vanquished Creatures
  3 gnolls (D:2)
  An ooze (D:1)
  2 worms
  A leopard gecko (D:2)
  5 bats (D:1)
  2 giant cockroaches (D:1)
  A hobgoblin (D:1)
  5 jackals (D:1)
  5 kobolds (D:1)
  A quokka (D:2)
  4 frilled lizards
  6 goblins
  5 rats (D:1)
41 creatures vanquished.

Notes
Turn   | Place    | Note
-------+----------+-------------------------------------------
     0 | D:1      | GlassEater the Merfolk Fighter began the quest for the Orb.
     0 | D:1      | Reached XP level 1. HP: 18/18 MP: 1/1
   274 | D:1      | Reached XP level 2. HP: 23/24 MP: 2/2
   320 | D:1      | Reached skill level 1 in Dodging
   906 | D:1      | Reached XP level 3. HP: 29/30 MP: 3/3
  1666 | D:2      | Reached XP level 4. HP: 37/37 MP: 4/4
  1679 | D:2      | Reached skill level 4 in Polearms
  1682 | D:2      | Slain by a gnoll

Vault maps used:
D:1:      dpeg_arrival_stone_temple_mockup
D:2:      chequers_temple_overflow_minitemple, lemuel_doored_altar,
          minmay_pentomino_w2

Skill      XL: |  1  2  3  4 |
---------------+-------------+-----
Dodging        | 1 2 |  2.7
Polearms       | 4 |  4.0
Fighting       | |  3.9
Armour         | |  2.1
Shields        | |  3.5

Action                   |  1- 3 |  4- 6 || total
-------------------------+-------+-------++-------
Melee: Trident           |   138 |    16 ||   154
 Stab: Sleeping          |     2 |       ||     2
  Eat: Chunk             |     2 |       ||     2
Armor: Leather armour    |     2 |     3 ||     5
Dodge: Dodged            |    54 |     5 ||    59
Block: Shield            |    54 |       ||    54
